 Dungeon Crawl Stone Soup version 0.16.1-11-g651b585 (webtiles) character file.

219 LuckyCent the Ruffian (level 5, 0/47 HPs)
             Began as a Minotaur Monk on Apr 4, 2015.
             Slain by a goblin
             ... wielding a +0 club
             ... led by Robin
              (6 damage)
             ... on level 3 of the Dungeon.
             The game lasted 00:16:17 (2067 turns).

LuckyCent the Ruffian (Minotaur Monk)               Turns: 2067, Time: 00:16:17

Health: 0/47       AC:  2    Str: 17    XL:     5   Next: 64%
Magic:  2/2        EV: 14    Int:  7    God:
Gold:   65         SH:  0    Dex: 12    Spells: 0 memorised, 4 levels left

rFire  . . .     SeeInvis .       - Unarmed
rCold  . . .     Clarity  .     a - +0 robe
rNeg   . . .     SustAb   +     (no shield)
rPois  .         Gourm    .     (helmet restricted)
rElec  .         Spirit   .     (no cloak)
rCorr  .         Warding  .     (no gloves)
rMut   .         Stasis   .     (no boots)
MR     .....                    (no amulet)
Stlth  ++........               (no ring)
                                f - ring of sustain abilities

@: not resistant to hostile enchantments, unstealthy
A: retaliatory headbutt, horns 2
a: no special abilities


You were on level 3 of the Dungeon.
You were not hungry.

You visited 1 branch of the dungeon, and saw 4 of its levels.

You collected 65 gold pieces.

Inventory:

Armour
 a - a +0 robe (worn)
Jewellery
 f - a ring of sustain abilities (left hand)
Magical devices
 m - a wand of hasting (4)
Scrolls
 c - a scroll of identify
 d - a scroll of teleportation {unknown}
 e - 2 scrolls of remove curse
 j - 2 scrolls of fog {unknown}
 n - a scroll of recharging {unknown}
 o - 3 scrolls of magic mapping {unknown}
Potions
 g - a potion of might {unknown}
 i - a potion of restore abilities {unknown}
 k - a potion of haste
 l - a potion of agility {unknown}
Comestibles
 b - a slice of pizza
 h - a meat ration


   Skills:
 + Level 4.6 Fighting
 + Level 4.9 Dodging
 + Level 2.2 Stealth
 + Level 5.8 Unarmed Combat


You had 4 spell levels left.
You didn't know any spells.

Dungeon Overview and Level Annotations

Branches:
Dungeon (4/15)
 Temple: D:4-7

Altars:
Ashenzari
Nemelex Xobeh
Sif Muna
Xom
Yredelemnul


Innate Abilities, Weirdness & Mutations

You reflexively headbutt those who attack you in melee.
You have a pair of horns on your head.


Message History

You hit the hobgoblin.
The hobgoblin is heavily wounded.
The hobgoblin barely misses you.
You closely miss the hobgoblin.
The hobgoblin is heavily wounded.
The hobgoblin hits you with a club.
* * * LOW HITPOINT WARNING * * *
You barely miss the hobgoblin.
The hobgoblin is heavily wounded.
You barely miss the hobgoblin. Your punch misses the hobgoblin.
The hobgoblin is heavily wounded.
The hobgoblin closely misses you.
You hit the hobgoblin but do no damage.
The hobgoblin is heavily wounded.
The hobgoblin misses you. You furiously retaliate!
You headbutt the hobgoblin.
You kill the hobgoblin!
Things that are here:
a club; a hobgoblin corpse You hit the goblin but do no damage.
The goblin hits you with a club.
You die...

♣.P..♣..♣..♣.♣.♣♣♣
P..♣P.♣♣♣P.♣.P.♣P♣
♣...8..P♣)..♣.♣P♣♣♣ ♣
..#......P†.♣..♣♣.♣
♣.♣
..........♣P.♣P.♣.P♣.♣
_...#...♣.PPP♣.♣♣.♣.P♣
......P..♣.P♣♣♣.♣PP.
..#.P......♣P♣..♣.♣
P.P....P♣PP..♣..@P♣
PP♣♣.P♣♣♣..♣PP.Pg♣♣
##P.P♣PP ♣♣###P♣)♣
##.♣.. #.##♣.♣ . . ...
..# .### .... ..###
..+ ..#


You could see a goblin.

Vanquished Creatures
  An ogre (D:3)
  2 river rats (D:3)
  4 adders
  A gnoll (D:4)
  A worm (D:1)
  A giant gecko (D:2)
  2 oozes (D:1)
  6 giant cockroaches
  9 goblins
  4 hobgoblins
  7 jackals
  2 bats
  4 giant newts
  7 kobolds
  3 rats (D:1)
54 creatures vanquished.

Notes
Turn   | Place    | Note
--------------------------------------------------------------
     0 | D:1      | LuckyCent, the Minotaur Monk, began the quest for the Orb.
     0 | D:1      | Reached XP level 1. HP: 19/19 MP: 1/1
    67 | D:1      | Reached XP level 2. HP: 22/27 MP: 1/1
   497 | D:1      | Reached skill level 5 in Unarmed Combat
   707 | D:1      | Reached XP level 3. HP: 29/33 MP: 2/2
   741 | D:2      | Found a basalt altar of Yredelemnul.
  1021 | D:2      | Found a shattered altar of Ashenzari.
  1061 | D:2      | Found a shimmering altar of Xom.
  1071 | D:2      | Found a shimmering altar of Xom.
  1146 | D:2      | Reached XP level 4. HP: 36/40 MP: 2/2
  1461 | D:2      | Found a sparkling altar of Nemelex Xobeh.
  1613 | D:3      | Found a deep blue altar of Sif Muna.
  1613 | D:3      | Noticed an ogre
  1846 | D:3      | Killed an ogre
  1846 | D:3      | Reached XP level 5. HP: 19/47 MP: 2/2
  2067 | D:3      | Slain by a goblin

Action                   |  1- 3 |  4- 6 || total
-------------------------+-------+-------++-------
Melee: Unarmed           |    73 |    69 ||   142
  Use: Scroll            |       |     1 ||     1
       Potion            |       |     1 ||     1
 Stab: Sleeping          |     1 |       ||     1
  Eat: Bread ration      |       |     1 ||     1
